[Event "Iceland-ch 2020"]
[Site "Gardabaer"]
[Date "2020.08.23"]
[Round "2.1"]
[White "Gretarsson, Hjorvar Steinn"]
[Black "Stefansson, Vignir Vatnar"]
[Result "1-0"]
[ECO "D37"]
[WhiteElo "2579"]
[BlackElo "2301"]
[Annotator "ChessBase"]
[PlyCount "89"]
[EventDate "2020.08.22"]
[EventCountry "ISL"]
[SourceTitle "playchess.com"]
[Source "ChessBase"]
[SourceQuality "1"]
[TimeControl "30/5400+30:900+30"]

1. c4 Nf6 2. Nc3 e6 3. Nf3 d5 4. d4 Be7 5. Bf4 O-O 6. Rc1 c5 7. dxc5 dxc4 8. e4 Qxd1+ 9. Rxd1 Bxc5 10. Bxc4 Bb4 11. Bd6 Bxc3+ 12. bxc3 Rd8 13. O-O Nc6 14. Rfe1 b6 15. Ne5 Nxe5 16. Bxe5 Bb7 17. f3 Rac8 18. Bb5 h6 19. a4 a6 20. Rxd8+ Rxd8 21. Bf1 Nd7 22. Bd4 e5 23. Bf2 Bc6 24. Bxa6 Bxa4 25. Rb1 Nc5 26. Bxc5 bxc5 27. Rb7 Rd1+ 28. Kf2 Rd2+ 29. Kg3 Bd1 30. Bc4 Be2 31. Rb8+ Kh7 32. Bxf7 g6 33. Rb7 Kh8 34. Bxg6 Bf1 35. Kg4 Bxg2 36. h4 Rd6 37. h5 Rd3 38. Kf5 Rxf3+ 39. Kxe5 Rxc3 40. Kf6 Rf3+ 41. Bf5 Rg3 42. Rh7+ Kg8 43. Rc7 Kh8 44. Rxc5 Bf3 45. Rc3 1-0

[Event "Iceland-ch 2020"]
[Site "Gardabaer"]
[Date "2020.08.23"]
[Round "2.2"]
[White "Thorhallsson, Throstur"]
[Black "Kjartansson, Gudmundur"]
[Result "0-1"]
[ECO "B23"]
[WhiteElo "2430"]
[BlackElo "2466"]
[Annotator "ChessBase"]
[PlyCount "63"]
[EventDate "2020.08.22"]
[EventCountry "ISL"]
[SourceTitle "playchess.com"]
[Source "ChessBase"]
[SourceQuality "1"]
[TimeControl "30/5400+30:900+30"]

1. e4 c5 2. Nc3 d6 3. d4 cxd4 4. Qxd4 Nc6 5. Qd2 g6 6. b3 Bh6 7. f4 Nf6 8. Bb2 e5 9. g3 O-O 10. O-O-O exf4 11. Kb1 Bg4 12. Re1 Ne5 13. gxf4 Bf3 14. Bg2 Bxf4 15. Qf2 Nfg4 16. Qf1 Ne3 17. Rxe3 Bxg2 18. Qxf4 Bxh1 19. Rg3 f5 20. exf5 Qd7 21. f6 Qe6 22. Ne4 Bxe4 23. Qxe4 Rxf6 24. Qxb7 Rf1+ 25. Bc1 Raf8 26. Kb2 Qf6 27. Qd5+ Rf7 28. Qd4 Nc4+ 29. Kc3 Qxd4+ 30. Kxd4 Rxc1 31. Kxc4 Rxc2+ 32. Kd5 0-1

[Event "Iceland-ch 2020"]
[Site "Gardabaer"]
[Date "2020.08.23"]
[Round "2.3"]
[White "Petursson, Margeir"]
[Black "Ragnarsson, Dagur"]
[Result "0-1"]
[ECO "A29"]
[WhiteElo "2475"]
[BlackElo "2396"]
[Annotator "ChessBase"]
[PlyCount "66"]
[EventDate "2020.08.22"]
[EventCountry "ISL"]
[SourceTitle "playchess.com"]
[Source "ChessBase"]
[SourceQuality "1"]
[TimeControl "30/5400+30:900+30"]

1. c4 e5 2. Nc3 Nf6 3. Nf3 Nc6 4. g3 d5 5. cxd5 Nxd5 6. Bg2 Nb6 7. O-O Be7 8. a3 O-O 9. b4 Be6 10. d3 a5 11. b5 Nd4 12. Nd2 Qc8 13. e3 Nf5 14. Bb2 Nd6 15. a4 f5 16. Ne2 Nf7 17. e4 Rd8 18. Qc2 c6 19. bxc6 Qxc6 20. Qxc6 bxc6 21. d4 fxe4 22. Rfc1 Bg4 23. Kf1 e3 24. fxe3 Nd5 25. Nc4 Rf8 26. dxe5 Nxe5+ 27. Kg1 Nxc4 28. Rxc4 Bxe2 29. Rxc6 Bf3 30. Bd4 Bxg2 31. Kxg2 Bf6 32. Re1 Rae8 33. Bc5 Rc8 0-1

[Event "Iceland-ch 2020"]
[Site "Gardabaer"]
[Date "2020.08.24"]
[Round "3.2"]
[White "Thorfinnsson, Bjorn"]
[Black "Thorfinnsson, Bragi"]
[Result "1/2-1/2"]
[ECO "D45"]
[WhiteElo "2387"]
[BlackElo "2427"]
[Annotator "ChessBase"]
[PlyCount "48"]
[EventDate "2020.08.22"]
[EventCountry "ISL"]
[SourceTitle "playchess.com"]
[Source "ChessBase"]
[SourceQuality "1"]
[TimeControl "30/5400+30:900+30"]

1. d4 d5 2. c4 e6 3. Nc3 c6 4. e3 Nd7 5. Qc2 Ngf6 6. Nf3 a5 7. Bd2 Bb4 8. Bd3 dxc4 9. Bxc4 b5 10. Bd3 Bb7 11. a4 bxa4 12. Nxa4 O-O 13. O-O c5 14. Nxc5 Bxc5 15. dxc5 Nxc5 16. Qxc5 Qxd3 17. Bxa5 Bxf3 18. gxf3 Qe2 19. Bc3 Ne4 20. fxe4 Qg4+ 21. Kh1 Qf3+ 22. Kg1 Qg4+ 23. Kh1 Qf3+ 24. Kg1 Qg4+ 1/2-1/2

[Event "Iceland-ch 2020"]
[Site "Gardabaer"]
[Date "2020.08.24"]
[Round "3.4"]
[White "Kjartansson, Gudmundur"]
[Black "Petursson, Margeir"]
[Result "1-0"]
[ECO "E11"]
[WhiteElo "2466"]
[BlackElo "2475"]
[Annotator "ChessBase"]
[PlyCount "93"]
[EventDate "2020.08.22"]
[EventCountry "ISL"]
[SourceTitle "playchess.com"]
[Source "ChessBase"]
[SourceQuality "1"]
[TimeControl "30/5400+30:900+30"]

1. d4 Nf6 2. c4 e6 3. Nf3 Bb4+ 4. Nbd2 O-O 5. a3 Be7 6. e4 d6 7. Be2 Nfd7 8. O-O e5 9. Nb1 a5 10. Nc3 exd4 11. Nxd4 Nc5 12. Be3 a4 13. Qc2 Re8 14. Rad1 Bd7 15. Ndb5 Nba6 16. Nxa4 Nxa4 17. Qxa4 Bg5 18. Bxg5 Qxg5 19. Qc2 Bxb5 20. cxb5 Nc5 21. f3 Qe3+ 22. Kh1 Re5 23. Bc4 Re7 24. Qd2 Qxd2 25. Rxd2 b6 26. Rc1 Kf8 27. g3 Ra7 28. Bd5 g6 29. Kg2 f5 30. b4 Nd7 31. exf5 gxf5 32. Rc3 Nf6 33. Bc6 Re1 34. Kh3 Ra1 35. Rdd3 Ra2 36. g4 fxg4+ 37. fxg4 d5 38. Rf3 Kg7 39. Rce3 Ne4 40. Bxd5 Ng5+ 41. Kg3 Ra1 42. Rf5 h6 43. Re7+ Kg6 44. Bf7+ Kg7 45. Bb3+ Kg6 46. Bc2 Ra2 47. h4 1-0

[Event "Iceland-ch 2020"]
[Site "Gardabaer"]
[Date "2020.08.25"]
[Round "4.1"]
[White "Gretarsson, Hjorvar Steinn"]
[Black "Thorhallsson, Throstur"]
[Result "1-0"]
[ECO "D36"]
[WhiteElo "2579"]
[BlackElo "2430"]
[Annotator "ChessBase"]
[PlyCount "91"]
[EventDate "2020.08.22"]
[EventCountry "ISL"]
[SourceTitle "playchess.com"]
[Source "ChessBase"]
[SourceQuality "1"]
[TimeControl "30/5400+30:900+30"]

1. c4 e6 2. Nc3 d5 3. d4 Nf6 4. cxd5 exd5 5. Bg5 c6 6. e3 Be7 7. Bd3 Nbd7 8. Qc2 g6 9. Nf3 Nh5 10. h4 Nf8 11. O-O-O Bg4 12. Qb3 Qb6 13. Qa4 Qb4 14. Qc2 Bxf3 15. gxf3 Ne6 16. f4 f6 17. Bh6 f5 18. Be2 Nf6 19. Bg5 O-O-O 20. Rhg1 Kb8 21. Kb1 Rhg8 22. Bf3 a6 23. Rd3 Rc8 24. Rc1 Nd7 25. Ne2 Bd6 26. Rb3 Qa5 27. Nc3 Ka7 28. Qd2 Kb8 29. Qd3 Rc7 30. a3 Rgc8 31. Qc2 Ka7 32. Qd2 Ka8 33. Rc2 Kb8 34. Qc1 Ka7 35. Bh6 b5 36. Qd2 Rb8 37. Bg5 Rcc8 38. Bxd5 cxd5 39. Nxb5+ Rxb5 40. Qxa5 Rxa5 41. Rxc8 Nef8 42. Bh6 Rb5 43. Rxb5 axb5 44. Bxf8 Nxf8 45. Rc6 Bb8 46. Rf6 1-0

[Event "Iceland-ch 2020"]
[Site "Gardabaer"]
[Date "2020.08.25"]
[Round "4.5"]
[White "Jonsson, Gauti Pall"]
[Black "Thorfinnsson, Bjorn"]
[Result "1/2-1/2"]
[ECO "A50"]
[WhiteElo "2046"]
[BlackElo "2387"]
[Annotator "ChessBase"]
[PlyCount "82"]
[EventDate "2020.08.22"]
[EventCountry "ISL"]
[SourceTitle "playchess.com"]
[Source "ChessBase"]
[SourceQuality "1"]
[TimeControl "30/5400+30:900+30"]

1. d4 Nf6 2. c4 b6 3. Nc3 Bb7 4. Qc2 d5 5. cxd5 Nxd5 6. e4 Nxc3 7. bxc3 e5 8. Bb5+ Bc6 9. Bxc6+ Nxc6 10. Nf3 Bd6 11. O-O O-O 12. Bg5 Qe8 13. Rad1 f6 14. Be3 Rd8 15. Rfe1 Qf7 16. Qa4 Na5 17. dxe5 Bxe5 18. Nxe5 fxe5 19. Rxd8 Rxd8 20. Rd1 Rxd1+ 21. Qxd1 Nc6 22. Qa4 Qe6 23. Qa6 Kf7 24. Qb7 Qd7 25. h3 h6 26. Kh2 Ke7 27. Qa8 Qe8 28. Qb7 Kd7 29. f4 Qe6 30. Qa8 exf4 31. Bxf4 Qxe4 32. Qf8 Qg6 33. Bg3 a5 34. Qf4 Ne7 35. Qxc7+ Ke8 36. Bd6 Qf6 37. Qxb6 Qxc3 38. Qb7 Qf6 39. Bxe7 Qe5+ 40. Kg1 Qe1+ 41. Kh2 Qe5+ 1/2-1/2

[Event "Iceland-ch 2020"]
[Site "Gardabaer"]
[Date "2020.08.26"]
[Round "5.4"]
[White "Stefansson, Vignir Vatnar"]
[Black "Gretarsson, Helgi Ass"]
[Result "0-1"]
[ECO "D00"]
[WhiteElo "2301"]
[BlackElo "2401"]
[Annotator "ChessBase"]
[PlyCount "86"]
[EventDate "2020.08.22"]
[EventCountry "ISL"]
[SourceTitle "playchess.com"]
[Source "ChessBase"]
[SourceQuality "1"]
[TimeControl "30/5400+30:900+30"]

1. d4 d5 2. Bf4 c5 3. e3 Nc6 4. c3 Bf5 5. Nf3 Qb6 6. Qb3 c4 7. Qxb6 axb6 8. Nbd2 b5 9. a3 h6 10. Rc1 e6 11. h3 Nf6 12. g4 Bh7 13. Bg2 Nd7 14. Ne5 Nb6 15. Nxc6 bxc6 16. e4 O-O-O 17. O-O c5 18. Be3 Na4 19. Rb1 g5 20. f4 gxf4 21. Rxf4 Bg6 22. Rf2 e5 23. Rbf1 Bg7 24. dxc5 d4 25. cxd4 exd4 26. Bf4 Nxc5 27. Bg3 Nd3 28. Rf5 Bxf5 29. Rxf5 c3 30. bxc3 dxc3 31. Nb3 c2 32. Rxb5 Bd4+ 33. Kf1 c1=Q+ 34. Nxc1 Nxc1 35. e5 Ba7 36. Bd5 Rhe8 37. Bxf7 Rd1+ 38. Kg2 Red8 39. Bf4 Rg1+ 40. Kh2 Rdd1 41. Bc4 Nd3 42. Bxd3 Rxd3 43. Ra5 Rb1 0-1

[Event "Iceland-ch 2020"]
[Site "Gardabaer"]
[Date "2020.08.27"]
[Round "6.4"]
[White "Jonsson, Gauti Pall"]
[Black "Kjartansson, Gudmundur"]
[Result "0-1"]
[ECO "E20"]
[WhiteElo "2046"]
[BlackElo "2466"]
[Annotator "ChessBase"]
[PlyCount "70"]
[EventDate "2020.08.22"]
[EventCountry "ISL"]
[SourceTitle "playchess.com"]
[Source "ChessBase"]
[SourceQuality "1"]
[TimeControl "30/5400+30:900+30"]

1. d4 Nf6 2. c4 e6 3. Nc3 Bb4 4. f3 d5 5. a3 Bd6 6. Bg5 c5 7. dxc5 Bxc5 8. Nh3 h6 9. Bh4 O-O 10. e4 d4 11. Nb1 e5 12. Nf2 Nc6 13. Nd3 Be7 14. Be2 Be6 15. Nd2 a5 16. b3 b6 17. O-O Nd7 18. Bxe7 Qxe7 19. Kh1 Nc5 20. g4 Qg5 21. Rg1 Ne7 22. f4 exf4 23. Nf3 Qg6 24. Nxf4 Qxe4 25. Nd3 Nxb3 26. Qxb3 Qxe2 27. Nf4 Qe4 28. Ng2 a4 29. Qd1 Bxg4 30. Nd2 Bxd1 31. Nxe4 Bf3 32. Nd2 Bc6 33. Rge1 Nf5 34. Kg1 Bxg2 35. Kxg2 Ne3+ 0-1

[Event "Iceland-ch 2020"]
[Site "Gardabaer"]
[Date "2020.08.29"]
[Round "8.4"]
[White "Thorfinnsson, Bjorn"]
[Black "Stefansson, Vignir Vatnar"]
[Result "0-1"]
[ECO "E48"]
[WhiteElo "2387"]
[BlackElo "2301"]
[Annotator "ChessBase"]
[PlyCount "94"]
[EventDate "2020.08.22"]
[EventCountry "ISL"]
[SourceTitle "playchess.com"]
[Source "ChessBase"]
[SourceQuality "1"]
[TimeControl "30/5400+30:900+30"]

1. d4 e6 2. c4 Nf6 3. Nc3 Bb4 4. e3 O-O 5. Bd3 d5 6. Nge2 c5 7. O-O cxd4 8. exd4 dxc4 9. Bxc4 Nbd7 10. Bg5 Bd6 11. Ng3 h6 12. Be3 b6 13. Be2 Bb7 14. Bf3 Qb8 15. Rc1 Bxf3 16. Qxf3 b5 17. Nce4 Bxg3 18. Nxg3 Qd6 19. Rc6 Qd5 20. Qxd5 Nxd5 21. Ne4 N7b6 22. Nd6 Nb4 23. Rc5 a6 24. a3 N4d5 25. Rc6 Rfd8 26. b3 Rab8 27. Ne4 a5 28. Rc5 Nd7 29. Rc2 a4 30. b4 N7b6 31. Nc5 Nc4 32. Bc1 Ndb6 33. Rd1 e5 34. Kf1 exd4 35. Bb2 Nxb2 36. Rxb2 Nc4 37. Ra2 Rd6 38. Rd3 f6 39. Re2 Ne5 40. Rd1 Rd5 41. Re4 d3 42. f4 Nc4 43. Nxa4 f5 44. Rxc4 bxc4 45. Rd2 Rd7 46. Nc3 Ra7 47. Ra2 Re8 0-1

[Event "Iceland-ch 2020"]
[Site "Gardabaer"]
[Date "2020.08.29"]
[Round "8.5"]
[White "Ragnarsson, Dagur"]
[Black "Kjartansson, Gudmundur"]
[Result "0-1"]
[ECO "E90"]
[WhiteElo "2396"]
[BlackElo "2466"]
[Annotator "ChessBase"]
[PlyCount "78"]
[EventDate "2020.08.22"]
[EventCountry "ISL"]
[SourceTitle "playchess.com"]
[Source "ChessBase"]
[SourceQuality "1"]
[TimeControl "30/5400+30:900+30"]

1. d4 Nf6 2. c4 c5 3. d5 g6 4. Nc3 Bg7 5. e4 d6 6. h3 O-O 7. Bg5 e6 8. Bd3 Na6 9. Nf3 h6 10. Be3 Nc7 11. a4 Na6 12. O-O e5 13. g4 Nb4 14. Ne1 Nh7 15. Bb1 h5 16. f3 Bf6 17. Ng2 Bg5 18. Qd2 Kg7 19. Kf2 Rh8 20. Rh1 Bxe3+ 21. Qxe3 Ng5 22. Bd3 Qf6 23. Ke2 Qxf3+ 24. Qxf3 Nxf3 25. Kxf3 Nxd3 26. Nb5 hxg4+ 27. hxg4 Bxg4+ 28. Kxg4 Nf2+ 29. Kf3 Nxh1 30. Nxd6 Rh3+ 31. Ke2 Ng3+ 32. Kf2 Rd8 33. Nb5 Nxe4+ 34. Ke2 a6 35. Na3 Rb3 36. Ne3 Rh8 37. Nac2 Rh2+ 38. Kf3 f5 39. d6 Rf2# 0-1

[Event "Iceland-ch 2020"]
[Site "Gardabaer"]
[Date "2020.08.30"]
[Round "9.1"]
[White "Kjartansson, Gudmundur"]
[Black "Gretarsson, Hjorvar Steinn"]
[Result "1/2-1/2"]
[ECO "E12"]
[WhiteElo "2466"]
[BlackElo "2579"]
[Annotator "ChessBase"]
[PlyCount "155"]
[EventDate "2020.08.22"]
[EventCountry "ISL"]
[SourceTitle "playchess.com"]
[Source "ChessBase"]
[SourceQuality "1"]
[TimeControl "30/5400+30:900+30"]

1. d4 Nf6 2. c4 e6 3. Nf3 b6 4. a3 Ba6 5. Qc2 Bb7 6. Nc3 c5 7. e4 cxd4 8. Nxd4 Bc5 9. Nf3 Nc6 10. b4 Nd4 11. Qd2 Nxf3+ 12. gxf3 Be7 13. Bb2 a5 14. Nb5 Qb8 15. Rg1 g6 16. Rg5 O-O 17. Be5 d6 18. Nxd6 Nd7 19. Bg3 e5 20. Rd1 Rd8 21. Rg4 axb4 22. axb4 Nf6 23. Bxe5 Nxg4 24. fxg4 Bxe4 25. Qf4 Bxd6 26. Bxd6 Qb7 27. Be2 Re8 28. Be5 Qe7 29. Bf6 Qxb4+ 30. Kf1 Ra2 31. Be5 Qe7 32. Bf6 Qf8 33. Bd4 Qe7 34. Bf6 Bg2+ 35. Kxg2 Qxe2 36. Rd6 Rc2 37. h3 h5 38. Rxb6 hxg4 39. hxg4 Qxc4 40. Qxc4 Rxc4 41. Rb1 Rf4 42. g5 Rh4 43. Kg3 Rh7 44. Rd1 Kf8 45. Rc1 Ra8 46. Re1 Rc8 47. Ra1 Ke8 48. Rd1 Ra8 49. f4 Rh5 50. Kg2 Kf8 51. Kg3 Kg8 52. Kg2 Rf8 53. Kg3 Kh7 54. Kg2 Ra8 55. Rd7 Kg8 56. Rd1 Re8 57. Kg3 Kf8 58. Kg2 Re2+ 59. Kf3 Re8 60. Kg2 Rh7 61. Kg3 Re3+ 62. Kf2 Re6 63. Kg3 Re8 64. Kg2 Kg8 65. Kg3 Ra8 66. Kg2 Rh5 67. Kg3 Kh7 68. Rd7 Rf8 69. Rd1 Rb8 70. Rd7 Kg8 71. Rd1 Ra8 72. Kg2 Re8 73. Kg3 Kf8 74. Kg2 Re2+ 75. Kf3 Rhh2 76. Rd8+ Re8 77. Bg7+ Ke7 78. Bf6+ 1/2-1/2

[Event "Iceland-ch 2020"]
[Site "Gardabaer"]
[Date "2020.08.30"]
[Round "9.3"]
[White "Thorhallsson, Throstur"]
[Black "Thorfinnsson, Bjorn"]
[Result "1/2-1/2"]
[ECO "A47"]
[WhiteElo "2430"]
[BlackElo "2387"]
[Annotator "ChessBase"]
[PlyCount "120"]
[EventDate "2020.08.22"]
[EventCountry "ISL"]
[SourceTitle "playchess.com"]
[Source "ChessBase"]
[SourceQuality "1"]
[TimeControl "30/5400+30:900+30"]

1. d4 Nf6 2. Nf3 b6 3. g3 Bb7 4. Bg2 c5 5. e3 g6 6. c4 cxd4 7. exd4 d5 8. Ne5 Qc8 9. O-O dxc4 10. Qa4+ Nfd7 11. Bxb7 Qxb7 12. Qxc4 e6 13. Re1 Nxe5 14. dxe5 b5 15. Qh4 Be7 16. Bg5 Nc6 17. Bxe7 Qxe7 18. Qe4 Rc8 19. Na3 a6 20. Rac1 Na7 21. Rxc8+ Nxc8 22. Qc6+ Qd7 23. Qxa6 b4 24. Nc2 O-O 25. Qc4 Qd2 26. Re2 Qd1+ 27. Re1 Qd2 28. Qe2 Rd8 29. Qxd2 Rxd2 30. Rc1 Nb6 31. b3 Nd5 32. Kf1 g5 33. Ke1 Rd3 34. Ke2 Rc3 35. Kd2 Rc5 36. a3 bxa3 37. Nxa3 Ra5 38. Nc4 Ra2+ 39. Rc2 Ra1 40. Ne3 Ne7 41. Rc7 Kf8 42. Rb7 Ra2+ 43. Ke1 Nc6 44. Nc4 g4 45. Rd7 Nb4 46. Kf1 Ra1+ 47. Ke2 Ra2+ 48. Rd2 Ra1 49. Rd1 Ra2+ 50. Kf1 Nd5 51. Rd2 Ra1+ 52. Kg2 Rb1 53. Rd3 h5 54. h3 Nb4 55. Rd8+ Ke7 56. Rh8 Nd3 57. Rxh5 gxh3+ 58. Rxh3 Ne1+ 59. Kf1 Nf3+ 60. Kg2 Ne1+ 1/2-1/2

[Event "Iceland-ch 2020"]
[Site "Gardabaer"]
[Date "2020.08.30"]
[Round "9.4"]
[White "Petursson, Margeir"]
[Black "Jonsson, Gauti Pall"]
[Result "1/2-1/2"]
[ECO "A65"]
[WhiteElo "2475"]
[BlackElo "2046"]
[Annotator "ChessBase"]
[PlyCount "81"]
[EventDate "2020.08.22"]
[EventCountry "ISL"]
[SourceTitle "playchess.com"]
[Source "ChessBase"]
[SourceQuality "1"]
[TimeControl "30/5400+30:900+30"]

1. d4 Nf6 2. c4 g6 3. Nc3 Bg7 4. e4 d6 5. f3 O-O 6. Be3 c5 7. Nge2 Nc6 8. d5 Ne5 9. Ng3 h5 10. Be2 e6 11. O-O exd5 12. cxd5 Nh7 13. Qd2 h4 14. Nh1 f5 15. Nf2 a6 16. a4 Qa5 17. exf5 Bxf5 18. Nce4 Qxd2 19. Bxd2 Nf7 20. Bc3 b6 21. Rfe1 Bd7 22. Nd3 g5 23. f4 Bf5 24. Bh5 Bxc3 25. bxc3 Bxe4 26. Rxe4 Nf6 27. Bxf7+ Rxf7 28. Re6 Nxd5 29. Rxd6 Nxc3 30. g3 hxg3 31. hxg3 gxf4 32. Nxf4 Rg7 33. Rxb6 Rxg3+ 34. Kh2 Rg4 35. Rg1 Rxg1 36. Kxg1 Nxa4 37. Rc6 a5 38. Ne6 Nb2 39. Nxc5 a4 40. Nxa4 Rxa4 41. Rc7 1/2-1/2

[Event "Iceland-ch 2020"]
[Site "Gardabaer"]
[Date "2020.08.30"]
[Round "9.5"]
[White "Gretarsson, Helgi Ass"]
[Black "Thorfinnsson, Bragi"]
[Result "0-1"]
[ECO "E33"]
[WhiteElo "2401"]
[BlackElo "2427"]
[Annotator "ChessBase"]
[PlyCount "104"]
[EventDate "2020.08.22"]
[EventCountry "ISL"]
[SourceTitle "playchess.com"]
[Source "ChessBase"]
[SourceQuality "1"]
[TimeControl "30/5400+30:900+30"]

1. d4 Nf6 2. c4 e6 3. Nc3 Bb4 4. Qc2 O-O 5. a3 Bxc3+ 6. Qxc3 Nc6 7. Nf3 d6 8. b3 Re8 9. Bb2 e5 10. d5 Ne7 11. Nd2 Nf5 12. b4 c6 13. e4 Nd4 14. Qd3 cxd5 15. cxd5 Nxd5 16. exd5 Bf5 17. Qg3 Nc2+ 18. Kd1 Nxa1 19. Bxa1 Qd7 20. Bc4 Rac8 21. Ke2 b5 22. Bb3 Bc2 23. Re1 f5 24. Kf1 Qc7 25. Ba2 Kh8 26. h3 a5 27. Kg1 axb4 28. axb4 Qa7 29. Bb3 Qa3 30. f4 Bxb3 31. Qxb3 Qa7+ 32. Kh1 Qf2 33. Qd1 Qxf4 34. Nf3 h6 35. Qd3 Rc1 36. Qxb5 Rec8 37. Bb2 Rxe1+ 38. Nxe1 Qf2 39. Qd7 Qxe1+ 40. Kh2 Rb8 41. Qxd6 Qxb4 42. Qxb4 Rxb4 43. Bxe5 Rb5 44. Kg3 Rxd5 45. Kf4 Rd2 46. Kxf5 Rxg2 47. h4 Kg8 48. Bf4 g6+ 49. Ke6 Kh7 50. Be5 Rf2 51. Bf6 g5 52. hxg5 Kg6 0-1